 Dungeon Crawl Stone Soup version 0.27.1-1-g398f81649c (webtiles) character file.

Game seed: 13471577420723843640

72 Metae the Skirmisher (level 4, -3/41 HPs)
             Began as a Minotaur Fighter on Sept 8, 2021.
             Slain by a hobgoblin (9 damage)
             ... led by Robin
             ... on level 2 of the Dungeon.
             The game lasted 00:04:57 (1535 turns).

Metae the Skirmisher (Minotaur Fighter)             Turns: 1535, Time: 00:05:07

Health: -3/41      AC: 10    Str: 22    XL:     4   Next: 6%
Magic:  3/3        EV:  7    Int:  5    God:
Gold:   42         SH:  9    Dex:  9    Spells: 3/3 levels left

rFire    . . .     SeeInvis .   a - +0 flail
rCold    . . .     Faith    .   c - +0 kite shield
rNeg     + . .     Spirit   .   m - +3 scale mail {Will+}
rPois    .         Reflect  .   (helmet restricted)
rElec    .         Harm     .   (no cloak)
rCorr    .         Rampage  .   (no gloves)
Will     +....                  (no boots)
Stlth    ..........             (no amulet)
HPRegen  0.13/turn              g - ring of positive energy
MPRegen  0.08/turn              (no ring)

@: mighty
A: horns 2, retaliatory headbutt
a: no special abilities


You were on level 2 of the Dungeon.
You visited 1 branch of the dungeon, and saw 2 of its levels.

You collected 42 gold pieces.

Inventory:

Hand Weapons
 a - a +0 flail (weapon)
Armour
 b - a +0 scale mail
 c - a +0 kite shield (worn)
 m - a +3 scale mail of willpower (worn)
Jewellery
 g - a ring of positive energy (left hand)
 h - a ring of wizardry
Scrolls
 e - a scroll of fog {unknown}
 f - a scroll of identify {unknown}
 j - a scroll of immolation {unknown}
 l - a scroll of amnesia {unknown}
Potions
 i - a potion of ambrosia {unknown}
 k - a potion of curing {unknown}


   Skills:
 * Level 4.5 Fighting
 + Level 3.1 Maces & Flails
 * Level 4.5 Armour
 + Level 4.1 Shields


You had 3 spell levels left.
You didn't know any spells.
Your spell library contained the following spells:

 Spells                   Type           Power      Damage    Failure   Level
 Alistair's Intoxication  Tmut/Pois      0%         N/A       100%        5
 Borgnjor's Vile Clutch   Necr/Erth      0%         N/A       100%        5
 Eringya's Noxious Bog    Tmut/Pois      0%         N/A       100%        6


Dungeon Overview and Level Annotations

Branches:
Dungeon (2/15)

Altars:

Annotations:
D:2 Robin


Innate Abilities, Weirdness & Mutations

You have a pair of horns on your head.
You reflexively headbutt those who attack you in melee.


Message History

You hit the hobgoblin.
The hobgoblin is heavily wounded.
The hobgoblin hits you.
You hit the hobgoblin.
You kill the hobgoblin!
The hobgoblin barely misses you.
You closely miss the hobgoblin.
The hobgoblin hits you but does no damage.
The hobgoblin shouts!
You hit the hobgoblin. Your headbutt misses the hobgoblin.
The hobgoblin is heavily wounded.
You hear a shout! x4
The hobgoblin hits you with a +0 dagger.
Robin says, "Bow before me, strongest of all the hobgoblins!"
You block Robin's attack. You block the hobgoblin's attack.
Robin drinks a potion.
Robin seems to grow stronger.
You closely miss the hobgoblin.
The hobgoblin is heavily wounded.
The hobgoblin hits you with a +0 dagger.
Robin roars a battlecry!
The goblins go into a battle-frenzy!
You hear a shout! x3
Your scale mail prevents you from hitting the hobgoblin.
Your headbutt misses the hobgoblin.
The hobgoblin is heavily wounded.
You hear a shout!
The hobgoblin hits you with a +0 dagger.
Robin hits you from afar with a +0 trident.
You block the hobgoblin's attack.
You feel very mighty all of a sudden.
Robin roars a battlecry!
The hobgoblin hits you with a +0 dagger.
* * * LOW HITPOINT WARNING * * *
Your scale mail prevents you from hitting the hobgoblin.
Your headbutt misses the hobgoblin.
The hobgoblin is heavily wounded.
Robin hits you from afar with a +0 trident.
* * * LOW HITPOINT WARNING * * *
The hobgoblin hits you with a +0 dagger!
You die...

#.# #...... .... ..# #...#
###..... ## ..# #...# #....
g# . #.######...####.#.# .#
.#
..##....>.......#.##.#..#
........)....>.....#.#..#
..##...†........#../... #.#
#.#####....#.##.##g#.#.....
..# #....#.##.@g.........
### #....#.######.#.##### #
#....#.# #.# # # #.#.##.#
#.# # #......# #.# ####.###
#.# #### #.. ...# ..# .#..


You could see Robin (strong) and a hobgoblin (strong).

Vanquished Creatures
  Terence (D:2)
  An adder (D:2)
  A worm (D:2)
  5 bats
  4 endoplasms (D:1)
  3 hobgoblins
  2 jackals (D:1)
  2 quokkas
  A ball python (D:1)
  A frilled lizard (D:2)
  3 goblins
  5 kobolds
  4 rats
33 creatures vanquished.

Notes
Turn   | Place    | Note
-------+----------+-------------------------------------------
     0 | D:1      | Metae the Minotaur Fighter began the quest for the Orb.
     0 | D:1      | Reached XP level 1. HP: 19/19 MP: 0/0
   155 | D:1      | Reached XP level 2. HP: 6/27 MP: 1/1
  1065 | D:2      | Identified the +0 helmet of Indemnity {+Inv Int+3}
  1065 | D:2      | Noticed Robin
  1137 | D:2      | Reached XP level 3. HP: 19/33 MP: 2/2
  1365 | D:2      | Noticed Terence
  1376 | D:2      | Killed Terence
  1525 | D:2      | Reached XP level 4. HP: 29/41 MP: 3/3
  1535 | D:2      | Slain by a hobgoblin

Illustrated notes

Levels and vault maps discovered:
D:1:      wheals_arrival_linesprint, layout_basic
D:2:      layout_loops_cross, uniq_terence, uniq_robin

Skill      XL: |  1  2  3 |
---------------+----------+-----
Fighting       | 4 |  4.5
Armour         | 4 |  4.5
Shields        | 4 |  4.1
Maces & Flails | 3 |  3.1

Action                   |  1- 3 |  4- 6 || total
-------------------------+-------+-------++-------
Melee: Flail             |   106 |    10 ||   116
       Headbutt          |    19 |       ||    19
  Use: Potion            |       |     1 ||     1
Armor: Scale mail        |    61 |     1 ||    62
Dodge: Dodged            |    54 |     1 ||    55
Block: Kite shield       |    62 |     6 ||    68
